 Dungeon Crawl Stone Soup version 0.13-a0-3016-gcb2faac (webtiles) character file.

7051 Gabry the Hoplite (level 10, -3/83 HPs)
             Began as a Minotaur Fighter on Sept 10, 2013.
             Was an Elder of Okawaru.
             Slain by an orc knight
             ... wielding a +0,+3 orcish halberd
              (16 damage)
             ... on Level 2 of the Orcish Mines.
             The game lasted 01:11:20 (10043 turns).

Gabry the Hoplite (Minotaur Fighter)               Turns: 10043, Time: 01:11:21

HP  -3/83        AC 23     Str 23      XL: 10   Next: 52%
MP   6/6         EV  5     Int  5      God: Okawaru [****..]
Gold 1183        SH 25     Dex 11      Spells:  0 memorised,  9 levels left

Res.Fire  : x . .   See Invis. : .   m - +1,+2 orc flail (protect)
Res.Cold  : + . .   Warding    : .   i - +0 dwarf plate armour
Life Prot.: . . .   Conserve   : .   c - +0 shield
Res.Poison: .       Res.Corr.  : .   (helmet unavailable)
Res.Elec. : +       Clarity    : .   (no cloak)
Sust.Abil.: . .     Spirit.Shd : .   (no gloves)
Res.Mut.  : .       Stasis     : .   t - +2 pair of boots "Smaagoi" {rElec}
Res.Rott. : .       Flight     : .   (no amulet)
Saprovore : . . .                    k - ring of ice
                                     A - ring of wizardry

@: somewhat resistant to hostile enchantments, extremely unstealthy
A: retaliatory headbutt, horns 3, breathe flames 1, screaming 1, evolution 1
a: Heroism, Renounce Religion, Breathe Fire


You were on level 2 of the Orcish Mines.
You worshipped Okawaru.
Okawaru was extremely pleased with you.
You were not hungry.

You visited 3 branches of the dungeon, and saw 11 of its levels.

You collected 1163 gold pieces.

Inventory:

Hand weapons
 b - a +3,+1 dwarven dagger of venom (quivered)
 l - a +2,+1 mace
 m - a +1,+2 orcish flail of protection (weapon)
 n - a +1,+1 whip of electrocution
 o - a +1,+0 dagger of venom
 r - a +3,+2 battleaxe
Armour
 c - a +0 shield (worn)
 h - the -4 cloak of Qyffu {Str-5 Acc+4 Dam+4}
   (You found it on level 6 of the Dungeon)

   It affects your strength (-5).
   It affects your accuracy (+4).
   It affects your damage-dealing abilities (+4).
 i - a +0 dwarven plate armour (worn)
 t - the +2 pair of boots "Smaagoi" (worn) {rElec}
   (You found it on level 6 of the Dungeon)

   It insulates you from electricity.
 x - a +0 leather armour of fire resistance
 B - a +2 dwarven scale mail
Magical devices
 a - a wand of slowing (13)
 s - a wand of magic darts (2)
Comestibles
 d - a bread ration
Scrolls
 p - a scroll of fog
 v - a scroll of recharging
Jewellery
 k - a ring of ice (right hand)
 A - a ring of wizardry (left hand)
Potions
 e - a potion of restore abilities
 f - a potion of curing
 w - 2 potions of brilliance
Books
 j - a book of the Dragon

   Spells                             Type                      Level
   Flight                             Charms/Air                   3
   Cause Fear                         Hexes                        4
   Bolt of Fire                       Conjuration/Fire             6
   Dragon Form                        Transmutation                7
   Summon Dragon                      Summoning                    9


   Skills:
 + Level 6.8 Fighting
 - Level 6.3 Axes
 * Level 8.5 Maces & Flails
 + Level 10.0 Armour
 + Level 5.0 Dodging
 - Level 0.6 Stealth
 + Level 11.0 Shields
 + Level 2.1 Evocations


You had 9 spell levels left.
You didn't know any spells.

Dungeon Overview and Level Annotations

Branches:
Dungeon (7/27)             Temple (1/1) D:5             Orc (3/4) D:7
    Elf: Orc:3-4

Altars:
Ashenzari
Cheibriados
Elyvilon
Fedhas
Kikubaaqudgha
Makhleb
Nemelex Xobeh
Okawaru
Sif Muna
Trog
Vehumet
Xom
Yredelemnul
Zin
the Shining One
Beogh

Shops:
D:7 ([   Orc:2 (=

Annotations:
D:5 goblolo's ghost, average DEFE
D:7 Arma fika a 2200g


Innate Abilities, Weirdness & Mutations

You reflexively headbutt those who attack you in melee.
You have a pair of large horns on your head.
You can breathe flames.
You occasionally shout uncontrollably.
You evolve.


Message History

The orc hits you but does no damage.
The orc warrior hits you but does no damage.
You climb downwards.
The orc hits you but does no damage.
The orc knight hits you with an orcish halberd!
* * * LOW HITPOINT WARNING * * *
There is a stone staircase leading up, spattered with blood here.
Things that are here:
an orcish leather armour; an orcish flail; 2 stones The orc hits you but does no damage.
You block the orc's attack. The orc barely misses you.
You block the orc knight's attack. The orc hits you with an orcish flail.
* * * LOW HITPOINT WARNING * * *
The orc hits you but does no damage. The orc knight closely misses you.
The orc throws a club.
The club misses you.
Unknown command.
The orc warrior throws an orcish hand axe.
You block the orcish hand axe.
You see here an orcish hand axe.
The orc knight hits you from afar with an orcish halberd!
You die...

........##
##......#.#.##### .......##
#...........# ..##..##
##)...o..#.## ..#####
#....)o.#...# ..##
##[##[#)##.## ...#
##.##.).### ..##
##.[)##...# ...#
##.....##.## #.##
##...@)##### ###
###........).##
#......oo.....##### ###
#........oo......#.###.##
##.........).........#...#
#..........oo.....#.###...
#........#........##.....
#......................#
######...............#...##


You could see an orc knight, an orc warrior (frenzied) and 4 orcs.

Vanquished Creatures
  Joseph (Orc:2)
  An orc sorcerer (Orc:2)
  4 orange demons
  A hill giant zombie (D:7)
  9 orc warriors
  An ice beast (D:6)
  2 sky beasts
  2 phantoms
  4 ogres
  A centaur (D:5)
  A warg (Orc:1)
  Blork the orc (D:7)
  2 rotting devils
  2 giant frogs
  8 wights (D:6)
  4 crimson imps
  4 hounds
  8 orc wizards
  5 worker ants
  9 orc priests
  An iguana (D:5)
  A scorpion (D:7)
  Ijyb (D:2)
  4 gnolls (D:3)
  7 adders
  A giant mite (D:3)
  2 worms
  A goliath beetle zombie (D:7)
  An adder skeleton (D:7)
  A giant eyeball (D:5)
  6 giant geckos
  96 orcs
  8 bats
  A giant cockroach (D:3)
  19 goblins
  23 hobgoblins
  2 quokkas (D:5)
  A ball python (D:1)
  6 giant newts
  A hobgoblin skeleton (D:6)
  A hobgoblin zombie (D:6)
  2 jackals (D:3)
  9 kobolds
  An orc skeleton (D:4)
  13 rats
279 creatures vanquished.

Notes
Turn   | Place    | Note
--------------------------------------------------------------
     0 | D:1      | Gabry, the Minotaur Fighter, began the quest for the Orb.
     0 | D:1      | Reached XP level 1. HP: 19/19 MP: 0/0
    77 | D:1      | Reached XP level 2. HP: 17/26 MP: 0/0
   151 | D:1      | Reached skill level 4 in Shields
   466 | D:1      | Reached XP level 3. HP: 33/33 MP: 1/1
   558 | D:2      | Noticed Ijyb
   574 | D:2      | Killed Ijyb
   717 | D:2      | Reached XP level 4. HP: 26/39 MP: 1/1
  1605 | D:3      | Reached skill level 5 in Shields
  1810 | D:4      | Noticed a phantom
  1821 | D:4      | Reached XP level 5. HP: 46/46 MP: 1/1
  1843 | D:4      | Killed a phantom
  1843 | D:4      | Reached skill level 5 in Armour
  1843 | D:4      | Reached skill level 1 in Dodging
  1932 | D:4      | Reached XP level 6. HP: 49/53 MP: 2/2
  2267 | D:4      | Reached skill level 6 in Shields
  2567 | D:5      | Entered Level 5 of the Dungeon
  2591 | D:5      | Found a staircase to the Ecumenical Temple.
  2591 | D:5      | Noticed goblolo's ghost (average DEFE)
  2815 | D:5      | Reached XP level 7. HP: 53/60 MP: 2/2
  2839 | D:5      | HP: 1/60 [goblolo's ghost/flame (5)]
  3117 | Temple   | Entered the Ecumenical Temple
  3133 | Temple   | Became a worshipper of Warmaster Okawaru
  3248 | D:5      | Paralysed by a giant eyeball for 2 turns
  3343 | D:5      | Reached skill level 5 in Maces & Flails
  3541 | D:6      | Reached skill level 7 in Shields
  3618 | D:6      | Got an ancient cloak
  3632 | D:6      | Reached skill level 5 in Fighting
  3636 | D:6      | Identified the cursed -4 cloak of Qyffu {Str-5 Acc+4 Dam+4} (You found it on level 6 of the Dungeon)
  3727 | D:6      | Found a white marble altar of Elyvilon.
  3729 | D:6      | Found a shattered altar of Ashenzari.
  3734 | D:6      | Found a blossoming altar of Fedhas.
  3790 | D:6      | Got a pair of shimmering boots
  3797 | D:6      | Identified the +2 pair of boots "Smaagoi" {rElec} (You found it on level 6 of the Dungeon)
  3823 | D:6      | Reached XP level 8. HP: 63/68 MP: 2/2
  3925 | D:6      | Acquired Okawaru's first power
  4247 | D:6      | Noticed an orange demon
  4248 | D:6      | Noticed an orange demon
  4260 | D:6      | Reached skill level 8 in Shields
  4330 | D:5      | Gained mutation: You occasionally shout uncontrollably. [potion of mutation]
  4330 | D:5      | Gained mutation: You can breathe flames. [potion of mutation]
  4330 | D:5      | Gained mutation: You evolve. [potion of mutation]
  4372 | D:6      | Noticed an orange demon
  4372 | D:6      | Noticed an orange demon
  4373 | D:6      | Noticed an orange demon
  4796 | D:5      | Killed an orange demon
  4796 | D:5      | Reached skill level 9 in Shields
  4824 | D:5      | Killed an orange demon
  4824 | D:5      | Reached skill level 1 in Evocations
  4824 | D:5      | Reached XP level 9. HP: 59/74 MP: 4/4
  5034 | D:6      | Killed an orange demon
  5243 | D:6      | Killed an orange demon
  5243 | D:6      | Reached skill level 10 in Shields
  5418 | D:7      | Gained mutation: You have a pair of large horns on your head. [evolution]
  5442 | D:7      | Found Twegahik's Weapon Shoppe.
  5442 | D:7      | Found a staircase to the Orcish Mines.
  5444 | D:7      | Found Theiz's Armour Shoppe.
  6114 | D:7      | Reached skill level 1 in Axes
  6132 | D:7      | Noticed Blork the orc
  6138 | D:7      | Killed Blork the orc
  6376 | Orc:1    | Entered Level 1 of the Orcish Mines
  6995 | Orc:2    | Found a roughly hewn altar of Beogh.
  7315 | Orc:2    | Noticed an orc sorcerer
  7321 | Orc:2    | Killed an orc sorcerer
  7321 | Orc:2    | Reached skill level 5 in Axes
  7321 | Orc:2    | Reached XP level 10. HP: 74/82 MP: 6/6
  7350 | Orc:2    | Noticed an orc warlord
  7373 | Orc:2    | Found Bahior's Antique Weapon Emporium.
  8534 | Orc:2    | Found Schurhion's Jewellery Boutique.
  9340 | Orc:3    | Noticed Joseph
  9342 | Orc:3    | Noticed an orc knight
  9381 | Orc:2    | Killed Joseph
  9381 | Orc:2    | Reached skill level 10 in Armour
  9381 | Orc:2    | Reached skill level 5 in Dodging
  9381 | Orc:2    | Reached skill level 11 in Shields
 10043 | Orc:2    | Slain by an orc knight

Action                   |  1- 3 |  4- 6 |  7- 9 | 10-12 || total
-------------------------+-------+-------+-------+-------++-------
Melee: Mace              |   112 |   163 |   299 |       ||   574
       Battleaxe         |       |       |    66 |    43 ||   109
       Flail             |       |       |       |   189 ||   189
Throw: Dagger            |       |       |     1 |       ||     1
Evoke: Wand              |       |       |    18 |     6 ||    24
  Use: Scroll            |     1 |       |    17 |     2 ||    20
       Potion            |       |       |    10 |     2 ||    12
 Stab: Distracted        |       |       |       |     1 ||     1
